 Dungeon Crawl Stone Soup version 0.30-a0-311-gf115ab0292 (webtiles) character file.

Game seed: 9410902187201182741

41627 retardedninja the Severer (level 13, -3/183 HPs)
             Began as a Minotaur Fighter on Oct 24, 2022.
             Was a Believer of Jiyva.
             Slain by a two-headed ogre
             ... wielding a +0 giant spiked club
              (5 damage)
             ... on level 1 of the Orcish Mines on Oct 25, 2022.
             The game lasted 00:36:41 (24446 turns).

retardedninja the Severer (Minotaur Fighter)       Turns: 24446, Time: 00:36:43

Health: -3/183     AC: 23    Str: 24    XL:     13   Next: 81%
Magic:  12/12      EV:  9    Int: 12    God:    Jiyva [**....]
Gold:   1136       SH:  7    Dex: 16    Spells: 12/12 levels left

rFire   . . .      SeeInvis +    A - +5 broad axe "Wunnax" {drain, *Corrode rF- Int+3 Dex+7}
rCold   + . .      Faith    .    c - +0 buckler
rNeg    . . .      Spirit   .    z - +0 plate armour
rPois   .          Reflect  .    E - +2 hat
rElec   .          Harm     .    K - +1 cloak of Axuoll {Rampage rF+ Regen+}
rCorr   +          Rampage  +    m - +0 pair of gloves
Will    .....                    (no boots)
Stlth   ..........               B - amulet of the acrobat
HPRegen 2.26/turn                q - ring of flight
MPRegen 0.43/turn                I - ring of Sloth {Wiz rC+ Str-3 Int+4 SInv}

@: berserking, flying, very quick
A: horns 2, retaliatory headbutt
a: Renounce Religion


You were on level 1 of the Orcish Mines.
You worshipped Jiyva.
Jiyva was pleased with you.
You visited 3 branches of the dungeon, and saw 16 of its levels.

You collected 1291 gold pieces.
You spent 155 gold pieces at shops.

Inventory:

Hand Weapons
 A - the +5 broad axe "Wunnax" (weapon) {drain, *Corrode rF- Int+3 Dex+7}
   (You acquired it on level 9 of the Dungeon)

   A truly terrible weapon, it drains the life of any living foe it strikes.
   Int:       It affects your intelligence (+3).
   Dex:       It affects your dexterity (+7).
   rF:        It makes you vulnerable to fire.
   *Corrode:  It may corrode you when you take damage.
Missiles
 b - 2 boomerangs of dispersal
 h - 2 throwing nets
Armour
 c - a +0 buckler (worn)
 m - a +0 pair of gloves (worn)
 z - a +0 plate armour (worn)
 E - a +2 hat (worn)
 K - the +1 cloak of Axuoll (worn) {Rampage rF+ Regen+}
   (You found it on level 3 of the Lair of Beasts)

   rF:        It protects you from fire.
   Regen:     It increases your rate of health regeneration.
   Rampage:   It bestows one free step when moving towards enemies.
Jewellery
 q - a ring of flight (left hand)
 B - an amulet of the acrobat (around neck)
 C - a ring of protection from cold
 D - a +4 ring of evasion
 I - the ring of Sloth (right hand) {Wiz rC+ Str-3 Int+4 SInv}
   (You bought it in a shop on level 1 of the Orcish Mines)

   [ring of wizardry]

   It improves your spell success rate.
   Str:       It affects your strength (-3).
   Int:       It affects your intelligence (+4).
   rC:        It protects you from cold.
   SInv:      It lets you see invisible.
Wands
 a - a wand of polymorph (10)
Scrolls
 i - a scroll of enchant weapon
 j - a scroll of fear
 o - 2 scrolls of butterflies
 s - 4 scrolls of teleportation
 t - a scroll of immolation
 v - a scroll of noise {unknown}
 w - 2 scrolls of poison
 x - 2 scrolls of magic mapping
 y - a scroll of identify
 G - 4 scrolls of vulnerability {unknown}
 H - a scroll of enchant armour {unknown}
Potions
 e - 3 potions of attraction
 f - 4 potions of mutation
 g - 3 potions of curing
 k - 2 potions of lignification
 l - 3 potions of flight
 n - a potion of brilliance {unknown}
 p - 2 potions of degeneration
 r - a potion of resistance
 u - 2 potions of heal wounds
 F - a potion of cancellation {unknown}
Miscellaneous
 J - a condenser vane (quivered)


   Skills:
 + Level 13.1 Fighting
 + Level 18.2 Axes
 + Level 15.5 Armour
 + Level 4.6 Dodging
 + Level 1.8 Stealth
 + Level 9.5 Shields


You had 12 spell levels left.
You didn't know any spells.
Your spell library contained the following spells:

 Spells                   Type           Power      Damage    Failure   Level
 Freeze                   Ice            0%         1d3       73%         1
 Magic Dart               Conj           0%         1d3       73%         1
 Slow                     Hex            0%         N/A       73%         1
 Sting                    Tmut/Pois      0%         1d3       73%         1
 Poisonous Vapours        Pois/Air       0%         N/A       86%         2
 Searing Ray              Conj           0%         2d4       86%         2
 Static Discharge         Conj/Air       0%         2-2/arc   86%         2
 Confusing Touch          Hex            0%         N/A       97%         3
 Frozen Ramparts          Ice            0%         1d1       97%         3
 Hailstorm                Conj/Ice       0%         3d3       97%         3
 Kindle Blastsparks       Fire/Tloc/Air  0%         2d10      97%         3
 Vampiric Draining        Necr           0%         2d6       97%         3
 Vhi's Electric Charge    Tloc/Air       0%         N/A       97%         3
 Airstrike                Air            0%         2d(0-16)  100%        4
 Fulminant Prism          Conj/Hex       0%         3d6       100%        4
 Iskenderun's Mystic Bla  Conj/Tloc      0%         2d3       100%        4
 Manifold Assault         Tloc           0%         N/A       100%        4
 Olgreb's Toxic Radiance  Pois           0%         N/A       100%        4
 Summon Lightning Spire   Summ/Air       0%         N/A       100%        4
 Arcjolt                  Conj/Air       0%         1d10      100%        5
 Lee's Rapid Deconstruct  Erth           0%         3d4*      100%        5
 Lightning Bolt           Conj/Air       0%         1d11      100%        5
 Conjure Ball Lightning   Conj/Air       0%         3x3d6     100%        6
 Dispersal                Tloc           0%         N/A       100%        6
 Summon Cactus Giant      Summ           0%         N/A       100%        6
 Disjunction              Tloc           0%         N/A       100%        8


Dungeon Overview and Level Annotations

Branches:
Dungeon (9/15)             Temple (0/1) D:7            Lair (5/5) D:8
 Shoals (0/4) Lair:2        Snake (0/4) Lair:2        Slime (0/5) Lair:4
    Orc (2/2) D:9
    Elf: Orc:2

Altars:
Makhleb
Ru
Zin
Jiyva

Shops:
D:2 ?   D:7 (   Orc:1 *

Portals:
Hell: Lair:5

Annotations:
D:1 1 transporter


Innate Abilities, Weirdness & Mutations

You have a pair of horns on your head.
You reflexively headbutt those who attack you in melee.


Message History

The two-headed ogre is moderately wounded.
You slash the two-headed ogre! You drain the two-headed ogre.
You barely miss the two-headed ogre. You hit the ogre. You slash the ogre!
You drain the ogre. You hit the ogre. You drain the ogre.
You hit the two-headed ogre. You drain the two-headed ogre.
The two-headed ogre is heavily wounded.
You slice the ogre!! x2
You kill the ogre!
You slice the ogre!!
You kill the ogre!
You hit the two-headed ogre. You drain the two-headed ogre.
You slash the two-headed ogre!
The two-headed ogre hits you with a +0 giant spiked club!!
* * * LOW HITPOINT WARNING * * *
The two-headed ogre barely misses you. You block the two-headed ogre's attack.
The two-headed ogre hits you with a +0 giant club!
* * * LOW HITPOINT WARNING * * *
You slice the two-headed ogre!! You drain the two-headed ogre!
The two-headed ogre is almost dead.
You slash the ogre!
You kill the ogre!
You slash the two-headed ogre! You drain the two-headed ogre.
You hit the two-headed ogre. You drain the two-headed ogre.
The two-headed ogre barely misses you.
The two-headed ogre hits you with a +0 giant spiked club!
* * * LOW HITPOINT WARNING * * *
You slash the two-headed ogre!
The two-headed ogre is almost dead.
You slice the two-headed ogre!!
You kill the two-headed ogre!
You barely miss the two-headed ogre.
Your Fighting skill increases to level 13!
Unknown command.
You completely miss the two-headed ogre.
The two-headed ogre is almost dead.
You hit the two-headed ogre. You drain the two-headed ogre.
The two-headed ogre hits you with a +0 giant spiked club.
* * * LOW HITPOINT WARNING * * *
The two-headed ogre hits you with a +0 giant club.
You die...

##............##
##............#.##
####.#.##...........#
##.#....##.....#.#..##
##........#..........#
##......#........#.#.##
#.......#..........###
##.#.......)).......#
##.##......)@O...#.##
#...........O)......#
##.................####
##............J...###.##
##......................#
#.........#......#.....##
##................#....##
#........#...........#.####
##.#.#........#...†.....#.##


You could see 2 two-headed ogres and a neutral jelly (wandering) (fellow slime).

Vanquished Creatures
  3 hydras
  4 two-headed ogres
  An anaconda (Lair:5)
  6 death yaks
  A sun demon (Lair:5)
  A wizard (Lair:5)
  An orc knight (Orc:1)
  An oklob plant (Lair:2)
  4 elephants (Lair:3)
  4 black mambas
  4 orange demons (Lair:5)
  6 cane toads
  9 komodo dragons
  5 rime drakes
  An ice devil (Lair:5)
  A hellwing (Lair:5)
  A troll (D:9)
  2 polar bears
  13 blink frogs
  Grinder (D:3)
  6 dream sheep (Lair:5)
  A slime creature (Lair:4)
  Eustachio (D:6)
  51 yaks
  3 wyverns
  12 basilisks
  A naga (Lair:2)
  A warg (Orc:1)
  12 water moccasins
  5 hell hounds (Lair:5)
  2 orc warriors
  2 sky beasts (D:7)
  4 black bears (D:6)
  5 ogres
  19 wolves
  2 centaurs
  A kobold brigand (D:8)
  16 bullfrogs
  3 scorpions
  2 necrophages
  5 wights
  6 killer bees
  3 howler monkeys
  5 hounds
  7 jellies
  A gnoll bouda (D:7)
  8 orc priests
  5 iguanas
  Crazy Yiuf (D:5)
  18 orc wizards
  Robin (D:3)
  7 gnolls
  5 adders
  3 white imps
  2 ufetubi
  2 worms
  30 orcs
  4 endoplasms
  A giant cockroach (D:1)
  14 goblins
  12 hobgoblins
  A quokka (D:4)
  4 ball pythons
  A frilled lizard (D:2)
  7 kobolds
  2 rats
373 creatures vanquished.

Vanquished Creatures (others)
  A cane toad (Lair:5)
  A basilisk (Lair:5)
  A water moccasin (Lair:5)
  21 jellies (Lair:5)
  An orc wizard (Orc:1)
  5 orcs (Orc:1)
  2 bushes (Lair:4)
  53 fungi
  53 plants
138 creatures vanquished.

Grand Total: 511 creatures vanquished

Notes
Turn   | Place    | Note
-------+----------+-------------------------------------------
     0 | D:1      | retardedninja the Minotaur Fighter began the quest for the
                  | Orb.
     0 | D:1      | Reached XP level 1. HP: 19/19 MP: 0/0
   551 | D:1      | Reached XP level 2. HP: 25/27 MP: 1/1
   731 | D:2      | Found a glowing silver altar of Zin.
   858 | D:2      | Reached XP level 3. HP: 28/33 MP: 2/2
   964 | D:2      | Reached skill level 3 in Axes
  1517 | D:2      | Found Exietz's Magic Scroll Shoppe.
  1743 | D:3      | Noticed Grinder
  1750 | D:3      | Paralysed by Grinder for 3 turns
  1758 | D:3      | Killed Grinder
  1759 | D:3      | Reached skill level 4 in Axes
  1759 | D:3      | Reached skill level 5 in Armour
  1759 | D:3      | Reached skill level 1 in Dodging
  1759 | D:3      | Reached XP level 4. HP: 12/40 MP: 3/3
  1759 | D:3      | Reached XP level 5. HP: 14/46 MP: 4/4
  2187 | D:3      | Reached XP level 6. HP: 30/52 MP: 5/5
  2435 | D:3      | Noticed Robin
  2819 | D:4      | Reached skill level 5 in Axes
  3394 | D:4      | Reached skill level 5 in Shields
  3780 | D:5      | Entered Level 5 of the Dungeon
  3785 | D:5      | Reached XP level 7. HP: 59/60 MP: 6/6
  3855 | D:3      | Found a burning altar of Makhleb.
  3857 | D:3      | Found a sacrificial altar of Ru.
  3916 | D:3      | Killed Robin
  4291 | D:5      | Reached skill level 6 in Axes
  4628 | D:5      | Reached skill level 5 in Fighting
  5322 | D:5      | Found a runed translucent door.
  5323 | D:5      | Noticed Crazy Yiuf
  5439 | D:5      | Identified the +2 ring mail "Emui" {Harm Drain rF++ Dex+3}
  5949 | D:5      | Killed Crazy Yiuf
  6151 | D:6      | Reached XP level 8. HP: 16/70 MP: 7/7
  6154 | D:6      | Reached skill level 7 in Axes
  6330 | D:6      | Noticed Eustachio
  7603 | D:6      | Reached skill level 8 in Axes
  7909 | D:6      | Killed Eustachio
  8774 | D:7      | Reached XP level 9. HP: 61/78 MP: 8/8
  9615 | D:6      | Reached skill level 9 in Axes
  9633 | D:6      | Upgraded the game from 0.30-a0-310-g7d6cbdfea6 to
                  | 0.30-a0-311-gf115ab0292
 10280 | D:7      | Found a staircase to the Ecumenical Temple.
 10524 | D:7      | Found Yvoashrucs's Hydra Hut.
 10524 | D:7      | Noticed a six-headed hydra
 11875 | D:8      | Found a staircase to the Lair.
 11992 | D:8      | Reached skill level 10 in Axes
 12759 | D:8      | Reached skill level 10 in Armour
 13195 | D:9      | Found a staircase to the Orcish Mines.
 13834 | D:9      | Reached XP level 10. HP: 82/88 MP: 9/9
 13872 | D:9      | Noticed a two-headed ogre
 13884 | D:9      | Killed a two-headed ogre
 13885 | D:9      | Reached skill level 11 in Axes
 14466 | D:9      | Identified a scroll of acquirement
 14466 | D:9      | Acquired the +5 broad axe "Wunnax" {drain, *Corrode rF-
                  | Int+3 Dex+7}
 14987 | Lair:1   | Entered Level 1 of the Lair of Beasts
 14987 | Lair:1   | You fall into a shaft and drop 1 floor!
 14987 | Lair:2   | Noticed a cane toad
 14988 | Lair:2   | Found a staircase to the Shoals.
 14999 | Lair:2   | Killed a cane toad
 15000 | Lair:2   | Reached skill level 1 in Stealth
 15221 | Lair:2   | Noticed a black mamba
 15234 | Lair:2   | Killed a black mamba
 15378 | Lair:1   | Noticed a cane toad
 15387 | Lair:1   | Killed a cane toad
 15469 | Lair:1   | Noticed a cane toad
 15475 | Lair:1   | Killed a cane toad
 15476 | Lair:1   | Reached skill level 12 in Axes
 15526 | Lair:1   | Reached XP level 11. HP: 33/95 MP: 10/10
 16586 | Lair:2   | Noticed an oklob plant
 16675 | Lair:2   | Reached skill level 13 in Axes
 16815 | Lair:2   | Found a staircase to the Snake Pit.
 17412 | Lair:2   | Killed an oklob plant
 18311 | Lair:3   | Reached skill level 14 in Axes
 18383 | Lair:3   | Noticed a death yak
 18385 | Lair:3   | Noticed a death yak
 18407 | Lair:4   | Killed a death yak
 18642 | Lair:3   | Noticed a death yak
 18658 | Lair:3   | Noticed a death yak
 18658 | Lair:3   | Noticed a death yak
 18662 | Lair:3   | Noticed a death yak
 18672 | Lair:2   | Killed a death yak
 18677 | Lair:2   | Killed a death yak
 18678 | Lair:2   | Reached skill level 10 in Fighting
 18997 | Lair:2   | Killed a death yak
 18998 | Lair:2   | Reached XP level 12. HP: 81/106 MP: 11/11
 19173 | Lair:2   | Killed a death yak
 19181 | Lair:3   | Killed a death yak
 19184 | Lair:3   | Reached skill level 15 in Axes
 20059 | Lair:3   | Identified the +1 cloak of Axuoll {Rampage rF+ Regen+}
 20118 | Lair:3   | Noticed a six-headed hydra
 20131 | Lair:3   | Killed an 11-headed hydra
 20907 | Lair:4   | Reached skill level 16 in Axes
 21049 | Lair:4   | Got the Anthology of the Hurtful Congregation
 21151 | Lair:5   | Entered Level 5 of the Lair of Beasts
 21462 | Lair:4   | Reached XP level 13. HP: 115/118 MP: 12/12
 21690 | Lair:4   | Found a viscous altar of Jiyva.
 21690 | Lair:4   | Found a staircase to the Slime Pits.
 21704 | Lair:4   | Became a worshipper of Jiyva Jeinih the Shapeless
 22123 | Lair:5   | Reached skill level 17 in Axes
 22586 | Lair:5   | Found a burning altar of Makhleb.
 22624 | Lair:5   | Reached skill level 18 in Axes
 22624 | Lair:5   | Reached skill level 15 in Armour
 22932 | Lair:5   | Reached * piety under Jiyva
 23252 | Lair:5   | Reached ** piety under Jiyva
 23673 | Lair:5   | Found a gateway to Hell.
 24152 | Orc:1    | Entered Level 1 of the Orcish Mines
 24158 | Orc:1    | Found Heneax's Assorted Antiques.
 24209 | Orc:1    | Bought a smoking platinum ring for 155 gold pieces
 24209 | Orc:1    | Identified the ring of Sloth {Wiz rC+ Str-3 Int+4 SInv}
                  | (You bought it in a shop on level 1 of the Orcish Mines)
 24313 | Orc:2    | Entered Level 2 of the Orcish Mines
 24443 | Orc:1    | HP: 8/178 [two-headed ogre/+0 giant club (11)]
 24444 | Orc:1    | HP: 3/178 [two-headed ogre/+0 giant spiked club (7)]
 24446 | Orc:1    | Slain by a two-headed ogre

Illustrated notes

Levels and vault maps discovered:
D:1:      spicycebolla_arrival_risky_transporter, layout_loops_ring,
          minmay_misc_feat_nine_boxes, hangedman_glass_teeth, minivault_24
D:2:      layout_basic, serial_shops, nicolae_shop_behind_doors, basic_altar,
          minmay_misc_feat_rugged, minmay_misc_feat_columns,
          kennysheep_another_room
D:3:      layout_rooms, nicolae_overflow_hidden_temple, uniq_grinder, uniq_robin
D:4:      layout_basic
D:5:      layout_cave_pools, hangedman_decor_peaks_small,
          uniq_crazy_yiuf_cottage
D:6:      minmay_flawed_box, layout_rooms, chequers_ossuary_entry_cave,
          minmay_crossroads, uniq_eustachio
D:7:      nicolae_cairo_tiling, layout_basic, doesnt_shop_hydraphobe
D:8:      layout_basic, dpeg_oklobed_lair, supply_closet_lemuel,
          serial_bayou_pond_d
D:9:      layout_basic, orc_0_dummy, st_stairs_12
Lair:1:   layout_roguey
Lair:2:   layout_hall_layers, shoals_dummy_entry, guppyfry_snake_entry_garden,
          enter_volcano_1, chequers_serial_rivers_large_a,
          infiniplex_staircase_pool_2
Lair:3:   layout_cellular_growth, beast_lair_carwin_9, grunt_megastairs_5
Lair:4:   layout_regular_city, minmay_slime_entry_pillars,
          gauntlet_entry_generic
Lair:5:   evil_forest, layout_cave_pods, kennysheep_basilisk_garden
Orc:1:    layout_caves, serial_shops, nicolae_shop_overgrown_old_shop
Orc:2:    st_orc_ogre_mass, layout_caves

Skill      XL: |  1  2  3  4  5  6  7  8  9 10 11 12 13 |
---------------+----------------------------------------+-----
Armour         | 4 5 6 7 8 10 11 13 14 15 | 15.5
Axes           | 4 5 6 8 10 12 14 16 18 | 18.2
Fighting       | 4 5 6 7 8 10 12 13 | 13.1
Dodging        | 1 2 3 4 |  4.6
Shields        | 4 5 6 7 8 9 |  9.5
Stealth        | 1 |  1.8

Action                   |  1- 3 |  4- 6 |  7- 9 | 10-12 | 13-15 || total
-------------------------+-------+-------+-------+-------+-------++-------
Melee: War axe           |    92 |    53 |   404 |    43 |       ||   592
       Headbutt          |     5 |    13 |    45 |    80 |    57 ||   200
       Broad axe         |       |       |       |   297 |   212 ||   509
  Use: Potion            |     1 |       |     6 |     6 |     3 ||    16
       Scroll            |       |       |    10 |     6 |     2 ||    18
Armor: Scale mail        |    38 |    25 |   115 |       |       ||   178
       Plate armour      |       |       |   278 |   198 |   140 ||   616
       Skin              |       |       |    10 |       |       ||    10
Dodge: Dodged            |    43 |    34 |   204 |   157 |    83 ||   521
Block: Buckler           |    28 |    15 |   113 |    87 |    78 ||   321

Table legend: (Time is in decaauts)
 A = Elapsed time spent in this place.
 B = Non-inter-level travel time spent in this place.
 C = Inter-level travel time spent in this place.
 D = Time resting spent in this place.
 E = Time spent auto-exploring this place.
 F = Levels seen in this place.
 G = Mean time per level.
                   A        B        C        D        E       F      G
               +--------+--------+--------+--------+--------+-----+--------+
         Total |  24516 |  23659 |    857 |  11466 |   9487 |  16 | 1532.2 |
       Dungeon |  15199 |  14676 |    523 |   7728 |   5368 |   9 | 1688.8 |
          Lair |   9029 |   8710 |    319 |   3627 |   4001 |   5 | 1805.8 |
  Orcish Mines |    287 |    273 |     14 |    111 |    118 |   2 |  143.5 |
               +--------+--------+--------+--------+--------+-----+--------+

Top non-repeatable levels by time:
     D:5: 2787 daAuts
  Lair:2: 2533 daAuts
     D:6: 2350 daAuts
     D:4: 2228 daAuts
  Lair:5: 2122 daAuts
  Lair:3: 1995 daAuts
     D:9: 1840 daAuts
     D:8: 1700 daAuts
     D:7: 1658 daAuts
  Lair:1: 1195 daAuts
  Lair:4: 1182 daAuts
     D:3: 1012 daAuts
     D:2: 991 daAuts
     D:1: 629 daAuts
   Orc:1: 278 daAuts
